3AAA
CALGARY LYNX @ WILMINGTON BAY HAWKS
07/06/2019
 
TOP OF THE 1ST
Calgary Lynx batting - Pitching for Wilmington Bay Hawks : RHP Jim Unknown
Pitching: RHP Jim Unknown
Batting: RHB Darren Tomlinson 0-0: Ball
1-0: Ball
2-0: Called Strike
2-1: Ball
3-1: SINGLE (Line Drive, 4MD)
Batting: RHB Jim Unknown 0-0: Foul Ball, location: 2F
0-1: Swinging Strike
0-2: Strikes out looking
Batting: LHB Timmy Appeldoorn 0-0: Ball
1-0: Ball
2-0: Foul Ball, location: 2F
2-1: Ground out U3 (Groundball, 3S)
Darren Tomlinson to second
Batting: LHB Gilbert Davis 0-0: Ball
1-0: Called Strike
1-1: Foul Ball, location: 2F
1-2: Strikes out swinging
Top of the 1st over - 0 run(s), 1 hit(s), 0 error(s), 1 left on base; Calgary 0 - Wilmington 0
BOTTOM OF THE 1ST
Wilmington Bay Hawks batting - Pitching for Calgary Lynx : RHP Henry Hart
Pitching: RHP Henry Hart
Batting: LHB Ray Schneider 0-0: Ball
1-0: Ball
2-0: Fly out, F8 (Flyball, 8RXD)
Batting: RHB António Prieto 0-0: Ground out 6-3 (Groundball, 6)
Batting: SHB Felipe González 0-0: Ball
1-0: Called Strike
1-1: Swinging Strike
1-2: Ball
2-2: Ball
3-2: Foul Ball, location: 2F
3-2: Strikes out looking
Bottom of the 1st over - 0 run(s), 0 hit(s), 0 error(s), 0 left on base; Calgary 0 - Wilmington 0
TOP OF THE 2ND
Calgary Lynx batting - Pitching for Wilmington Bay Hawks : RHP Jim Unknown
Batting: SHB Vasco Paradela 0-0: Called Strike
0-1: Foul Ball, location: 2F
0-2: Ground out 4-3 (Groundball, 4M)
Batting: SHB Tom Craft 0-0: Foul Ball, location: 2F
0-1: Ball
1-1: Called Strike
1-2: Ball
2-2: Ball
3-2: Ground out U3 (Groundball, 3)
Batting: RHB Luis Fierro 0-0: Called Strike
0-1: Called Strike
0-2: Fly out, F3 (Popup, 3)
Top of the 2nd over - 0 run(s), 0 hit(s), 0 error(s), 0 left on base; Calgary 0 - Wilmington 0
BOTTOM OF THE 2ND
Wilmington Bay Hawks batting - Pitching for Calgary Lynx : RHP Henry Hart
Batting: SHB José Martínez 0-0: Called Strike
0-1: Ball
1-1: Ball
2-1: Foul Ball, location: 2F
2-2: Ball
3-2: Base on Balls
Batting: RHB Jorge Rocha 0-0: SINGLE (Groundball, 34D)
José Martínez to second
Runner from 2nd tries for 3rd, SAFE, throw made to third
Batting: LHB Aubrey Reese 0-0: Ball
1-0: Called Strike
1-1: Swinging Strike
1-2: Hit by Pitch
Jorge Rocha to second
Batting: RHB Jason Nicholson 0-0: Ball
1-0: Swinging Strike
1-1: Called Strike
1-2: Grounds into double play, 6-4-3 (Groundball, 6)
José Martínez scores
Jorge Rocha to third
Batting: RHB Jim Unknown 0-0: Swinging Strike
0-1: Foul Ball, location: 2F
0-2: Foul Ball, location: 2F
0-2: Ball
1-2: Ball
2-2: Foul Ball, location: 2F
2-2: Foul Ball, location: 2F
2-2: Strikes out looking
Bottom of the 2nd over - 1 run(s), 1 hit(s), 0 error(s), 1 left on base; Calgary 0 - Wilmington 1
TOP OF THE 3RD
Calgary Lynx batting - Pitching for Wilmington Bay Hawks : RHP Jim Unknown
Batting: RHB Jim Browning 0-0: Called Strike
0-1: Foul Ball, location: 2F
0-2: Ball
1-2: Ball
2-2: Foul Ball, location: 2F
2-2: Foul Ball, location: 2F
2-2: Ground out 6-3 (Groundball, 6M)
Batting: RHB Julián Rocha 0-0: Called Strike
0-1: Called Strike
0-2: Ball
1-2: SINGLE (Line Drive, 8LS)
Batting: RHB Darren Tomlinson 0-0: Ball
1-0: SINGLE (Groundball, 6M)
Julián Rocha to second
Batting: RHB Jim Unknown 0-0: Swinging Strike
0-1: Ball
1-1: Foul Ball, location: 2F
1-2: Strikes out swinging
Batting: LHB Timmy Appeldoorn 0-0: Fly out, F9 (Flyball, 89D)
Top of the 3rd over - 0 run(s), 2 hit(s), 0 error(s), 2 left on base; Calgary 0 - Wilmington 1
BOTTOM OF THE 3RD
Wilmington Bay Hawks batting - Pitching for Calgary Lynx : RHP Henry Hart
Batting: RHB Jim Unknown 0-0: Ball
1-0: Ball
2-0: Ball
3-0: Called Strike
3-1: Base on Balls
Batting: LHB Ray Schneider 0-0: Grounds into double play, 3-6-3 (Groundball, 3)
Batting: RHB António Prieto 0-0: Called Strike
0-1: Foul Ball, location: 2F
0-2: Strikes out swinging
Bottom of the 3rd over - 0 run(s), 0 hit(s), 0 error(s), 0 left on base; Calgary 0 - Wilmington 1
TOP OF THE 4TH
Calgary Lynx batting - Pitching for Wilmington Bay Hawks : RHP Jim Unknown
Batting: LHB Gilbert Davis 0-0: SINGLE (Line Drive, 7S)
Batting: SHB Vasco Paradela 0-0: Swinging Strike
0-1: Swinging Strike
0-2: Ball
1-2: Foul Ball, location: 2F
1-2: Strikes out swinging
Batting: SHB Tom Craft 0-0: Fly out, F7 (Line Drive, 78S)
Batting: RHB Luis Fierro 0-0: Called Strike
0-1: Swinging Strike
0-2: Foul Ball, location: 2F
0-2: Strikes out swinging
Top of the 4th over - 0 run(s), 1 hit(s), 0 error(s), 1 left on base; Calgary 0 - Wilmington 1
BOTTOM OF THE 4TH
Wilmington Bay Hawks batting - Pitching for Calgary Lynx : RHP Henry Hart
Batting: SHB Felipe González 0-0: Ball
1-0: Ball
2-0: Ball
3-0: Called Strike
3-1: Called Strike
3-2: Strikes out looking
Batting: SHB José Martínez 0-0: Called Strike
0-1: Called Strike
0-2: Strikes out looking
Batting: RHB Jorge Rocha 0-0: Called Strike
0-1: Foul Ball, location: 2F
0-2: Ball
1-2: Ball
2-2: Foul Ball, location: 2F
2-2: Strikes out swinging
Bottom of the 4th over - 0 run(s), 0 hit(s), 0 error(s), 0 left on base; Calgary 0 - Wilmington 1
TOP OF THE 5TH
Calgary Lynx batting - Pitching for Wilmington Bay Hawks : RHP Jim Unknown
Batting: RHB Jim Browning 0-0: Ball
1-0: Ball
2-0: Foul Ball, location: 2F
2-1: Foul Ball, location: 2F
2-2: Ball
3-2: Strikes out swinging
Batting: RHB Julián Rocha 0-0: Ball
1-0: Ball
2-0: Ground out 5-3 (Groundball, 5)
Batting: RHB Darren Tomlinson 0-0: Swinging Strike
0-1: Called Strike
0-2: Strikes out swinging
Top of the 5th over - 0 run(s), 0 hit(s), 0 error(s), 0 left on base; Calgary 0 - Wilmington 1
BOTTOM OF THE 5TH
Wilmington Bay Hawks batting - Pitching for Calgary Lynx : RHP Henry Hart
Batting: LHB Aubrey Reese 0-0: Called Strike
0-1: Ball
1-1: Ball
2-1: Ball
3-1: Ground out 4-3 (Groundball, 4)
Batting: RHB Jason Nicholson 0-0: Foul Ball, location: 2F
0-1: Ball
1-1: Called Strike
1-2: Ball
2-2: Ground out 6-3 (Groundball, 6)
Batting: RHB Jim Unknown 0-0: Called Strike
0-1: Ball
1-1: Foul Ball, location: 2F
1-2: Ball
2-2: SINGLE (Flyball, 89S)
Batting: RHB Jim Unknown 0-0: Ball
1-0: Ball
2-0: Swinging Strike
2-1: Called Strike
2-2: Foul Ball, location: 2F
2-2: Ball
3-2: Base on Balls
Jim Unknown to second
Batting: LHB Ray Schneider 0-0: SINGLE (Groundball, 34)
Jim Unknown to third
Jim Unknown to second
Runner from 3rd tries for Home, SAFE, throw made home
Jim Unknown to third
Ray Schneider to second
Batting: RHB António Prieto 0-0: Fly out, F3 (Popup, 23F)
Bottom of the 5th over - 1 run(s), 2 hit(s), 0 error(s), 2 left on base; Calgary 0 - Wilmington 2
TOP OF THE 6TH
Calgary Lynx batting - Pitching for Wilmington Bay Hawks : RHP Jim Unknown
Batting: RHB Jim Unknown 0-0: Foul Ball, location: 2F
0-1: Ball
1-1: Ball
2-1: Foul Ball, location: 2F
2-2: Foul Ball, location: 2F
2-2: Strikes out swinging
Batting: LHB Timmy Appeldoorn 0-0: Ground out U3 (Groundball, 3L)
Batting: LHB Gilbert Davis 0-0: Called Strike
0-1: Ground out 5-3 (Groundball, 56S)
Top of the 6th over - 0 run(s), 0 hit(s), 0 error(s), 0 left on base; Calgary 0 - Wilmington 2
BOTTOM OF THE 6TH
Wilmington Bay Hawks batting - Pitching for Calgary Lynx : RHP Henry Hart
Batting: SHB Felipe González 0-0: Ball
1-0: Fly out, F9 (Flyball, 9M)
Batting: SHB José Martínez 0-0: Ball
1-0: Called Strike
1-1: Ball
2-1: Foul Ball, location: 2F
2-2: Ground out 2-3 (Groundball, 25)
Batting: RHB Jorge Rocha 0-0: Ball
1-0: Called Strike
1-1: Called Strike
1-2: Ball
2-2: Fly out, F6 (Popup, 6S)
Bottom of the 6th over - 0 run(s), 0 hit(s), 0 error(s), 0 left on base; Calgary 0 - Wilmington 2
TOP OF THE 7TH
Calgary Lynx batting - Pitching for Wilmington Bay Hawks : RHP Jim Unknown
Batting: SHB Vasco Paradela 0-0: Ball
1-0: Called Strike
1-1: Ball
2-1: Called Strike
2-2: Strikes out swinging
Batting: SHB Tom Craft 0-0: Ball
1-0: Ground out 4-3 (Groundball, 34)
Batting: RHB Luis Fierro 0-0: Foul Ball, location: 2F
0-1: Swinging Strike
0-2: Ball
1-2: SINGLE (Groundball, 56)
Batting: RHB Jim Browning 0-0: Called Strike
0-1: Called Strike
0-2: Ball
1-2: Ball
2-2: Strikes out swinging
Top of the 7th over - 0 run(s), 1 hit(s), 0 error(s), 1 left on base; Calgary 0 - Wilmington 2
BOTTOM OF THE 7TH
Wilmington Bay Hawks batting - Pitching for Calgary Lynx : RHP Henry Hart
Batting: LHB Aubrey Reese 0-0: Swinging Strike
0-1: Ground out 2-3 (Groundball, 2R)
Batting: RHB Jason Nicholson 0-0: Called Strike
0-1: Swinging Strike
0-2: Ball
1-2: Foul Ball, location: 2F
1-2: Ground out 6-3 (Groundball, 6S)
Batting: RHB Jim Unknown 0-0: Ball
1-0: Swinging Strike
1-1: Ball
2-1: Ball
3-1: Foul Ball, location: 2F
3-2: Base on Balls
Pitching: RHP Jason Ackerman
Batting: RHB Jim Unknown 0-0: Called Strike
0-1: Ball
1-1: Ball
2-1: Fly out, F9 (Flyball, 89M)
Bottom of the 7th over - 0 run(s), 0 hit(s), 0 error(s), 1 left on base; Calgary 0 - Wilmington 2
TOP OF THE 8TH
Calgary Lynx batting - Pitching for Wilmington Bay Hawks : RHP Jim Unknown
Batting: RHB Julián Rocha 0-0: Swinging Strike
0-1: Ball
1-1: Ball
2-1: Ball
3-1: Swinging Strike
3-2: Foul Ball, location: 2F
3-2: Foul Ball, location: 2F
3-2: Base on Balls
Batting: RHB Darren Tomlinson 0-0: DOUBLE (Line Drive, 8LM)
Julián Rocha to third
Batting: RHB Jim Unknown 0-0: Ball
1-0: SINGLE (Line Drive, 56)
Julián Rocha scores
Darren Tomlinson to third
Batting: LHB Timmy Appeldoorn 0-0: Swinging Strike
0-1: Called Strike
0-2: Ball
1-2: Strikes out swinging
Batting: LHB Gilbert Davis 0-0: Ball
1-0: Called Strike
1-1: Called Strike
1-2: Foul Ball, location: 2F
1-2: Fly out, F9 (Line Drive, 9M)
Runner from 3rd tags up, SCORES, no throw
Batting: SHB Vasco Paradela 0-0: Called Strike
0-1: Ball
1-1: Ball
2-1: Fielders Choice at 2nd, U6 (Groundball, 6M)
Top of the 8th over - 2 run(s), 2 hit(s), 0 error(s), 1 left on base; Calgary 2 - Wilmington 2
BOTTOM OF THE 8TH
Wilmington Bay Hawks batting - Pitching for Calgary Lynx : RHP Jason Ackerman
Batting: LHB Ray Schneider 0-0: Ground out 4-3 (Groundball, 4)
Batting: RHB António Prieto 0-0: Ball
1-0: Ball
2-0: Fly out, F8 (Flyball, 8RM)
Batting: SHB Felipe González 0-0: Called Strike
0-1: SINGLE (Groundball, 34D)
Batting: SHB José Martínez 0-0: Called Strike
0-1: Called Strike
0-2: Ball
1-2: Ball
2-2: Ball
3-2: Strikes out swinging
Bottom of the 8th over - 0 run(s), 1 hit(s), 0 error(s), 1 left on base; Calgary 2 - Wilmington 2
TOP OF THE 9TH
Calgary Lynx batting - Pitching for Wilmington Bay Hawks : RHP Jim Unknown
Pitching: RHP Jim Unknown
Batting: SHB Tom Craft 0-0: Called Strike
0-1: Ball
1-1: Ball
2-1: Called Strike
2-2: Foul Ball, location: 2F
2-2: Ball
3-2: Foul Ball, location: 2F
3-2: Ground out 1-3 (Groundball, 13)
Pinch Hitting: RHB Juan Sánchez 0-0: Ball
1-0: Ground out 4-3 (Groundball, 4)
Batting: RHB Jim Browning 0-0: DOUBLE (Flyball, 7LD)
Pinch Hitting: RHB Jim Unknown 0-0: Called Strike
0-1: Ball
1-1: SINGLE (Groundball, 6MD)
Jim Browning to third
Runner from 3rd tries for Home, SAFE, no throw or cutoff
Batting: RHB Darren Tomlinson 0-0: Ball
1-0: Ball
2-0: Fly out, F8 (Line Drive, 8RM)
Top of the 9th over - 1 run(s), 2 hit(s), 0 error(s), 1 left on base; Calgary 3 - Wilmington 2
BOTTOM OF THE 9TH
Wilmington Bay Hawks batting - Pitching for Calgary Lynx : RHP Jason Ackerman
Pitching: RHP Francisco García
Now at C: Edwin McClung
Now at 3B: Juan Sánchez
Now at SS: Jim Unknown
Pinch Hitting: LHB Lonnie Austin 0-0: Called Strike
0-1: Ball
1-1: Foul Ball, location: 2F
1-2: Fly out, F9 (Flyball, 9M)
Batting: LHB Aubrey Reese 0-0: Reached on error, E6 (Groundball, 6M)
Batting: RHB Jason Nicholson 0-0: Ball
1-0: Foul Ball, location: 2F
1-1: Ball
2-1: Called Strike
2-2: Foul Ball, location: 2F
2-2: Ball
3-2: Foul Ball, location: 2F
3-2: Base on Balls
Aubrey Reese to second
Batting: RHB Jim Unknown 0-0: Ball
1-0: Ball
2-0: 3-RUN HOME RUN (Flyball, 8LXD), Distance : 431 ft
This league is powered by Out of the Park Baseball, the baseball management simulation game for PC, Mac and Linux
Saturday, July 25th, 2015 - OOTP Baseball 15.6 Build 34